 Dungeon Crawl Stone Soup version 0.26-a0-259-g1effd001a9 (webtiles) character file.

Game seed: 13456358999761044845

3671 tilp the Covert (level 9, 0/44 HPs)
             Began as a Spriggan Enchanter on July 15, 2020.
             Was a Believer of Dithmenos.
             Slain by a scorpion (7 damage)
             ... on level 8 of the Dungeon.
             The game lasted 00:17:33 (10605 turns).

tilp the Covert (Spriggan Enchanter)               Turns: 10605, Time: 00:17:33

Health: 0/44       AC:  7    Str:  4    XL:     9   Next: 89%
Magic:  14/14      EV: 25    Int: 19    God:    Dithmenos [**....]
Gold:   404        SH:  0    Dex: 23    Spells: 1/13 levels left

rFire    + . .     SeeInvis +   a - +3 dagger
rCold    + . .     Faith    .   (shield restricted)
rNeg     . . .     Spirit   .   D - +2 robe {rC+ rF+}
rPois    .         Reflect  .   (helmet restricted)
rElec    .         Harm     .   t - +2 cloak
rCorr    .                      (gloves unavailable)
MR       ++...                  (boots unavailable)
Stlth    +++++++...             (no amulet)
HPRegen  0.14/turn              s - +6 ring of dexterity
MPRegen  0.14/turn              C - ring of protection from magic

@: wreathed by umbra, very quick
A: very small, unfitting armour, see invisible, herbivore, speed 3, slow
metabolism 2
a: Shadow Step, Renounce Religion


You were on level 8 of the Dungeon.
You worshipped Dithmenos.
Dithmenos was pleased with you.
You were not hungry.

You visited 1 branch of the dungeon, and saw 8 of its levels.

You collected 404 gold pieces.

Inventory:

Hand Weapons
 a - a +3 dagger (weapon)
 b - a +5 falchion of freezing
 e - a +2 whip of electrocution
 A - a +0 dagger of draining
 E - a +0 rapier
Missiles
 i - 27 poisoned darts (quivered)
 G - a throwing net
Armour
 t - a +2 cloak (worn)
 D - a +2 robe of resistance (worn)
Jewellery
 m - an uncursed ring of protection from fire
 s - a +6 ring of dexterity (left hand)
 C - a ring of protection from magic (right hand)
 F - the ring "Vujecun" {*Slow rElec MP+9 Dex+4 SInv}
   (You took it off an orc warrior on level 6 of the Dungeon)

   [ring of magical power]

   It affects your dexterity (+4).
   It insulates you from electricity.
   It affects your magic capacity (+9).
   It lets you see invisible.
   It may slow you when you take damage.
Wands
 u - a wand of iceblast (8)
Scrolls
 f - a scroll of enchant weapon {unknown}
 o - 2 scrolls of teleportation
 p - a scroll of noise {unknown}
 r - 2 scrolls of amnesia
 x - 4 scrolls of remove curse
 y - 3 scrolls of magic mapping
Potions
 g - 3 potions of curing
 h - a potion of ambrosia
 k - 2 potions of resistance
 l - a potion of brilliance
 n - a potion of haste
 q - a potion of stabbing
 v - 2 potions of lignification
 w - a potion of degeneration {unknown}
 z - 3 potions of flight
 B - a potion of magic {unknown}
Comestibles
 c - 29 rations


   Skills:
 - Level 3.0 Fighting
 - Level 8.0 Short Blades
 - Level 8.0 Dodging
 + Level 11.8 Stealth
 - Level 2.6 Spellcasting
 - Level 6.0 Hexes
 - Level 4.0 Invocations
 - Level 6.0 Evocations


You had one spell level left.
You knew the following spells:

 Your Spells              Type           Power        Failure   Level
a - Corona                Hex            ####...      1%          1
b - Ensorcelled Hibernat  Hex/Ice        ##....       7%          2
c - Confusing Touch       Hex            ####....     4%          3
d - Tukima's Dance        Hex            ####....     4%          3
e - Dazzling Flash        Conj/Hex       ##....       14%         3

Your spell library contained the following spells:

 Spells                   Type           Power        Failure   Level


Dungeon Overview and Level Annotations

Branches:
Dungeon (8/15)             Temple (0/1) D:6
   Lair: D:8-11

Altars:
Dithmenos
Elyvilon
Fedhas
Gozag
Nemelex Xobeh
Okawaru
Qazlal
Sif Muna
Trog
Uskayaw
Zin
The Shining One

Annotations:
D:7 3 runed translucent doors, bmj180's ghost, novice DrCj
D:8 Gastronok


Innate Abilities, Weirdness & Mutations

You are very small and have problems with some larger weapons.
You are too small for most types of armour.
You have supernaturally acute eyesight. (SInv)
You are a herbivore.
You cover ground extremely quickly.
You need to consume almost no food.


Message History

Found 8 gold pieces.
Gastronok the Ponderous comes into view.
Casting: Confusing Touch (dangerous; 4% risk of failure)
Confirm with . or Enter, or press ? or * to list all spells.
Aiming: Ensorcelled Hibernation (safe; 7% risk of failure)
Press: ? - help, Shift-Dir - straight line, f - scorpion
Aim: a scorpion (umbra, chance to defeat MR: 44%)
Okay, then.
The scorpion stings you.
An ufetubus comes into view.
The helpless Gastronok fails to defend himself.
You stick Gastronok like a pincushion!!!!
Gastronok is severely wounded.
Gastronok bites you!!
Ouch! That really hurt!
* * * LOW HITPOINT WARNING * * *
The ufetubus shouts!
The scorpion misses you. The scorpion stings you!
You die...

####.##..........# #.
...............#####
###.. #..................
#.... #..................
#...###...........$......
#...##.........>........
#...##...$..............
#......................
#............@s........
#.......##..###.......#
#.<..##<.......w..5....
#.......##.######...##.
#...#####..# ##..# #...#
#.## #..# #...# .. #.#
#...# ..# .. #...#


You could see a scorpion and an ufetubus.

Vanquished Creatures
  Pikel (D:7)
  Sigmund (D:4)
  A sky beast (D:5)
  An ice beast (D:6)
  An orc warrior (D:6)
  2 phantoms
  3 ogres
  3 centaurs
  Blork the orc (D:5)
  2 bullfrogs
  A wyvern zombie (D:6)
  2 scorpions
  A killer bee (D:7)
  19 wights
  2 howler monkeys
  A quasit (D:7)
  A bullfrog skeleton (D:5)
  3 hounds
  Crazy Yiuf (D:2)
  6 orc priests
  2 iguanas
  Terence (D:2)
  4 orc wizards
  4 worker ants
  A hound skeleton (D:6)
  3 worker ant zombies
  6 adders
  A shadow imp (D:5)
  2 white imps (D:6)
  An adder skeleton (D:3)
  3 worms (D:2)
  5 dart slugs
  2 leopard geckos
  13 orcs
  7 giant cockroaches
  7 goblins
  5 hobgoblins
  3 jackals (D:7)
  5 quokkas
  2 ball pythons
  5 bats
  5 frilled lizards
  12 kobolds
  6 rats
  A bush (D:2)
159 creatures vanquished.

Vanquished Creatures (others)
  An orc wizard (D:5)
1 creature vanquished.

Grand Total: 160 creatures vanquished

Notes
Turn   | Place    | Note
-------+----------+-------------------------------------------
     0 | D:1      | tilp the Spriggan Enchanter began the quest for the Orb.
     0 | D:1      | Reached XP level 1. HP: 9/9 MP: 5/5
   615 | D:1      | Reached XP level 2. HP: 13/13 MP: 6/6
   619 | D:1      | Learned a level 2 spell: Ensorcelled Hibernation
   980 | D:1      | Reached skill level 5 in Stealth
  1506 | D:1      | Reached XP level 3. HP: 16/16 MP: 8/8
  1511 | D:1      | Learned a level 3 spell: Confusing Touch
  1732 | D:2      | Found a faded altar of an unknown god.
  2420 | D:2      | Reached XP level 4. HP: 21/21 MP: 2/9
  2482 | D:2      | Noticed Terence
  2490 | D:2      | Killed Terence
  2603 | D:2      | Reached skill level 6 in Stealth
  2900 | D:2      | Reached skill level 5 in Hexes
  2900 | D:2      | Reached XP level 5. HP: 24/24 MP: 10/10
  3824 | D:2      | Found a runed translucent door.
  3825 | D:2      | Noticed Crazy Yiuf
  3834 | D:2      | Killed Crazy Yiuf
  4255 | D:3      | Reached skill level 1 in Evocations
  4256 | D:3      | Reached skill level 7 in Stealth
  4256 | D:3      | Reached XP level 6. HP: 28/28 MP: 11/11
  5703 | D:3      | Found a glowing golden altar of the Shining One.
  5825 | D:4      | Found a blossoming altar of Fedhas.
  5829 | D:4      | Found an opulent altar of Gozag.
  5831 | D:4      | Found a bloodstained altar of Trog.
  5831 | D:4      | Found a shimmering blue altar of Sif Muna.
  5831 | D:4      | Found a stormy altar of Qazlal.
  5832 | D:4      | Found an iron altar of Okawaru.
  5832 | D:4      | Found a sparkling altar of Nemelex Xobeh.
  5833 | D:4      | Found a white marble altar of Elyvilon.
  5835 | D:4      | Found a glowing silver altar of Zin.
  5836 | D:4      | Found a shadowy altar of Dithmenos.
  5839 | D:4      | Became a worshipper of Dithmenos the Shadowed
  5874 | D:4      | Noticed Sigmund
  5882 | D:4      | Killed Sigmund
  5882 | D:4      | Reached XP level 7. HP: 32/32 MP: 9/12
  5889 | D:4      | Reached skill level 8 in Stealth
  5950 | D:4      | Reached skill level 5 in Short Blades
  6017 | D:4      | Reached skill level 1 in Fighting
  6360 | D:4      | Reached skill level 5 in Dodging
  6446 | D:3      | Reached XP level 8. HP: 32/39 MP: 3/13
  6748 | D:5      | Entered Level 5 of the Dungeon
  7071 | D:5      | Noticed Blork the orc
  7094 | D:5      | Reached * piety under Dithmenos
  7105 | D:5      | Killed Blork the orc
  7590 | D:5      | Reached skill level 1 in Invocations
  7988 | D:6      | Found a shadowy altar of Dithmenos.
  8073 | D:6      | Reached skill level 5 in Evocations
  8186 | D:6      | Reached skill level 9 in Stealth
  8340 | D:6      | Reached XP level 9. HP: 41/44 MP: 11/14
  8409 | D:6      | Identified the ring "Vujecun" {*Slow rElec MP+9 Dex+4 SInv}
  8686 | D:6      | Found a hide-covered altar of Uskayaw.
  9263 | D:6      | Found a staircase to the Ecumenical Temple.
  9355 | D:6      | Reached skill level 10 in Stealth
  9508 | D:7      | Noticed Pikel
  9537 | D:7      | Killed Pikel
  9745 | D:7      | Reached ** piety under Dithmenos
  9745 | D:7      | Reached skill level 11 in Stealth
  9941 | D:7      | Found a runed translucent gate.
  9941 | D:7      | Found a runed translucent gate.
  9941 | D:7      | Noticed bmj180's ghost (novice DrCj)
  9942 | D:7      | Found a runed translucent gate.
 10539 | D:7      | Learned a level 3 spell: Tukima's Dance
 10543 | D:7      | Learned a level 3 spell: Dazzling Flash
 10596 | D:8      | Noticed Gastronok
 10605 | D:8      | Slain by a scorpion

Illustrated notes

Levels and vault maps discovered:
D:1:      dpeg_arrival_rooms_b, layout_basic
D:2:      minmay_chambers_of_ones, layout_loops_ring,
          chequers_ecumenical_altar_simple_redux, uniq_crazy_yiuf_cottage,
          uniq_terence
D:3:      layout_loops_ring, lemuel_round_altar, first_ration
D:4:      layout_rooms, minitemple, uniq_sigmund
D:5:      layout_loops_corners, minivault_23, palyth_stone_intersect,
          item_on_display_a, uniq_blork_the_orc
D:6:      layout_loops_ring, eat_drink_and_be_merry_uskayaw,
          minmay_temple_entry_junction, nicolae_dithmenos_shadow_blocks
D:7:      layout_basic, ebering_ghost_rock_garden, serial_corexii_hall,
          chequers_hall_statues_wall_a, corexii_hall_statues_l,
          corexii_hall_statues_l, chequers_hall_statues_corner_a, uniq_pikel
D:8:      layout_rooms, dpeg_oklobed_lair, uniq_gastronok, uniq_grum

Skill      XL: |  1  2  3  4  5  6  7  8  9 |
---------------+----------------------------+-----
Hexes          | 4 5 6 |  6.0
Stealth        | 5 6 7 8 9 11 | 11.8
Short Blades   | 2 3 4 5 8 |  8.0
Evocations     | 1 3 4 5 6 |  6.0
Fighting       | 2 3 |  3.0
Dodging        | 5 8 |  8.0
Invocations    | 2 4 |  4.0
Spellcasting   | |  2.6

Action                   |  1- 3 |  4- 6 |  7- 9 || total
-------------------------+-------+-------+-------++-------
Melee: Dagger            |   160 |   183 |   315 ||   658
       Rapier            |       |   223 |       ||   223
 Cast: Corona            |     8 |       |       ||     8
       Ensorcelled Hiber |    10 |    40 |    64 ||   114
       Confusing Touch   |       |     4 |    25 ||    29
  Use: Scroll            |       |     7 |     9 ||    16
 Stab: Sleeping          |    17 |    25 |    44 ||    86
       Confused          |       |     3 |    29 ||    32
       Distracted        |       |       |     1 ||     1
  Eat: Ration            |       |     1 |     2 ||     3
Armor: Robe              |    14 |    10 |    21 ||    45
Dodge: Dodged            |   112 |    91 |   189 ||   392

Table legend:
 A = Non-vault XP
 B = Vault XP
 C = Vault XP percentage of total XP
 D = Non-vault monster count
 E = Vault monster count
 F = Vault count percentage of total count
                 A         B        C        D         E       F
            +---------+---------+-------+---------+---------+-------
      Total |    4136 |    1109 |  21.1 |     149 |      10 |   6.3
            +---------+---------+-------+---------+---------+-------
        D:1 |      43 |       0 |   0.0 |      25 |       0 |   0.0
        D:2 |      91 |     146 |  61.6 |      26 |       7 |  21.2
        D:3 |     409 |       0 |   0.0 |      23 |       0 |   0.0
        D:4 |     668 |     208 |  23.7 |      19 |       1 |   5.0
        D:5 |     635 |      90 |  12.4 |      13 |       1 |   7.1
        D:6 |    1489 |       0 |   0.0 |      26 |       0 |   0.0
        D:7 |     801 |     665 |  45.4 |      17 |       1 |   5.6
            +---------+---------+-------+---------+---------+-------
